 Dungeon Sprint DCSS version 0.21-a0-72-gbbb65ab (webtiles) character file.

9407 Kidiri the Nimble (level 11, -5/93 HPs)
             Began as a Merfolk Transmuter on June 20, 2017.
             Was the Champion of Wu Jian.
             Slain by a phantasmal warrior (13 damage)
             ... in the Dungeon (Sprint VII: "The Pits").
             The game lasted 00:10:52 (1928 turns).

Kidiri the Nimble (Merfolk Transmuter)              Turns: 1928, Time: 00:10:56

Health: -5/93      AC:  5    Str: 11    XL:     11   Next: 46%
Magic:  22/24      EV: 26    Int: 13    God:    Wu Jian [******]
Gold:   0          SH:  0    Dex: 18    Spells: 14/29 levels left

rFire    . . .     SeeInvis .     - Unarmed
rCold    + . .     Gourm    .   (shield currently unavailable)
rNeg     + . .     Faith    .   w - +2 robe {rN+}
rPois    +         Spirit   .   (helmet restricted)
rElec    .         Reflect  .   v - +0 cloak
rCorr    .         Harm     .   (gloves currently unavailable)
MR       .....     NoTele   +   (no boots)
Stlth    +++++.....             (no amulet)
HPRegen  0.25/turn              b - +3 ring of evasion
MPRegen  0.19/turn              s - +3 ring of dexterity

@: lethally poisoned (-5 -> -6), blade hands (expiring), barbed spikes
A: change form in water, swift swim, stealthy swim, horns 1, cold resistance 1,
poison resistance, weak 1
a: End Transformation, Serpent's Lash, Heavenly Storm, Renounce Religion


You were in the Dungeon.
You worshipped Wu Jian.
Wu Jian was exalted by your worship.
You were not hungry.
You had blades for hands.
You visited 1 branch

Inventory:

Missiles
 a - 12 arrows
Armour
 r - a +0 leather armour
 v - a +0 cloak (worn)
 w - a +2 robe of positive energy (worn)
Jewellery
 b - a +3 ring of evasion (left scythe-like blade)
 s - a +3 ring of dexterity (right scythe-like blade)
Scrolls
 j - a scroll of blinking
 l - 3 scrolls of remove curse
 m - 5 scrolls of amnesia
 n - a scroll of summoning
Potions
 e - 5 potions of heal wounds
 f - 9 potions of curing
 g - a potion of haste
 h - 4 potions of magic
 i - 2 potions of berserk rage
 k - 2 potions of invisibility
 t - a potion of resistance
 u - a potion of mutation
Books
 c - a book of Changes

   Spells                             Type                      Level
   a - Beastly Appendage              Transmutation                1
   b - Sticks to Snakes               Transmutation                2
   c - Spider Form                    Transmutation/Poison         3
   d - Ice Form                       Ice/Transmutation            4
   e - Blade Hands                    Transmutation                5
Comestibles
 d - 8 bread rations
 o - 40 fruits
 p - 7 meat rations


   Skills:
 * Level 11.3 Fighting
 + Level 5.3 Armour
 * Level 13.4 Dodging
 * Level 12.1 Stealth
 * Level 12.0 Unarmed Combat
 * Level 9.7 Spellcasting
 * Level 13.2 Transmutations
 + Level 7.1 Ice Magic
 + Level 7.9 Poison Magic


You had 14 spell levels left.
You knew the following spells:

 Your Spells              Type           Power        Failure   Level  Hunger
a - Beastly Appendage     Tmut           #####.       5%          1    None
b - Spider Form           Tmut/Pois      ####......   11%         3    ##.....
c - Ice Form              Ice/Tmut       ####....     19%         4    ####...
d - Blade Hands           Tmut           #####.....   17%         5    #####..
e - Sticks to Snakes      Tmut           #####...     6%          2    None


Dungeon Overview and Level Annotations

Branches:
Dungeon (1/1)

Altars:
Ashenzari
Cheibriados
Dithmenos
Elyvilon
Fedhas
Gozag
Hepliaklqana
Kikubaaqudgha
Makhleb
Nemelex Xobeh
Okawaru
Qazlal
Ru
Sif Muna
Trog
Uskayaw
Vehumet
Wu Jian
Xom
Yredelemnul
Zin
The Shining One
Beogh
Jiyva
Lugonu


Innate Abilities, Weirdness & Mutations

You revert to your normal form in water.
You are very nimble and swift while swimming.
You are very stealthy in the water. (Stealth+)
You have a pair of small horns on your head.
Your flesh is cold resistant. (rC+)
Your system is resistant to poisons. (rPois)
You are weak. (Str -2)


Message History

Unknown command.
The barbs in your skin will harm you if you move.
Continue?
Okay, then.
You feel sick.
Something hits the naga warrior.
The phantasmal warrior blinks!
The naga warrior hits you from afar with a trident!!
* * * LOW HITPOINT WARNING * * *
Unknown command.
You feel much better.
Something hits the naga warrior but does no damage.
The phantasmal warrior hits you!!
* * * LOW HITPOINT WARNING * * *
Unknown command.
Okay, then.
You feel much better.
The heavenly storm settles.
Something closely misses the naga warrior.
The naga warrior hits you from afar with a trident!!
* * * LOW HITPOINT WARNING * * *
The phantasmal warrior hits you!
You die... ........+ .#......# ........#* #''###### #''################ #..........#.§§§§§# o #..))))....+.§§§§§# hOo

#..#####...#####§##..ohh
#..+...#......§§@Wso.a..
#..#...#......§§##N##...
#..#...#.#####§§# h.#
#..#####.+...#..# .#
#........#...+..# ##
#........#...#...
##+###...#...#....
#..).+...#+###...##
#....#...÷§§.....#


You could see a naga warrior, a demonic crawler and a phantasmal warrior.

Vanquished Creatures
  Kirke (D)
  Josephine (D)
  Erolcha (D)
  A two-headed ogre (D)
  A phantasmal warrior (D)
  An orange demon (D)
  2 smoke demons (D)
  A rime drake (D)
  A troll (D)
  A guardian mummy (D)
  2 bog bodies (D)
  A flying skull (D)
  A spriggan (D)
  5 wraiths (D)
  A hungry ghost (D)
  2 wargs (D)
  Edmund (D)
  2 nagas (D)
  A soldier ant (D)
  2 water moccasins (D)
  A sky beast (D)
  An ice beast (D)
  An orc warrior (D)
  A swamp drake (D)
  An ogre (D)
  A phantom (D)
  5 wolves (D)
  A small abomination (D)
  An orc priest (D)
  Crazy Yiuf (D)
  A jelly (D)
  A gnoll shaman (D)
  2 worker ants (D)
  5 gnolls (D)
  An adder (D)
  A river rat (D)
  An ooze (D)
  4 orcs (D)
  2 hobgoblins (D)
  10 jackals (D)
  2 bats (D)
  A leopard gecko skeleton (D)
74 creatures vanquished.

Notes
Turn   | Place    | Note
-------+----------+-------------------------------------------
     0 | D        | Kidiri the Merfolk Transmuter began the quest for the Orb.
     0 | D        | Reached XP level 1. HP: 15/15 MP: 3/3
    46 | D        | Found a bloodstained altar of Trog.
    46 | D        | Found a deep blue altar of Sif Muna.
    46 | D        | Found a viscous altar of Jiyva.
    46 | D        | Found a hazy altar of Hepliaklqana.
    46 | D        | Found an opulent altar of Gozag.
    47 | D        | Found a glowing golden altar of the Shining One.
    47 | D        | Found a glowing silver altar of Zin.
    47 | D        | Found a basalt altar of Yredelemnul.
    47 | D        | Found a shimmering altar of Xom.
    47 | D        | Found an ornate altar of the Wu Jian Council.
    47 | D        | Found a sacrificial altar of Ru.
    47 | D        | Found a stormy altar of Qazlal.
    47 | D        | Found an iron altar of Okawaru.
    47 | D        | Found a sparkling altar of Nemelex Xobeh.
    47 | D        | Found a burning altar of Makhleb.
    47 | D        | Found a blossoming altar of Fedhas.
    47 | D        | Found a white marble altar of Elyvilon.
    47 | D        | Found a shadowy altar of Dithmenos.
    47 | D        | Found a snail-covered altar of Cheibriados.
    49 | D        | Found a radiant altar of Vehumet.
    49 | D        | Found a corrupted altar of Lugonu.
    49 | D        | Found a roughly hewn altar of Beogh.
    50 | D        | Found a hide-covered altar of Uskayaw.
    50 | D        | Found an ancient bone altar of Kikubaaqudgha.
    50 | D        | Found a shattered altar of Ashenzari.
    56 | D        | Became a worshipper of the Wu Jian Council
    85 | D        | Reached skill level 1 in Stealth
    85 | D        | Reached XP level 2. HP: 19/22 MP: 2/5
    94 | D        | Reached * piety under Wu Jian
   221 | D        | Reached ** piety under Wu Jian
   258 | D        | Reached *** piety under Wu Jian
   258 | D        | Reached XP level 3. HP: 29/29 MP: 4/7
   272 | D        | Learned a level 3 spell: Spider Form
   279 | D        | Noticed an ice beast
   424 | D        | Killed an ice beast
   424 | D        | Reached skill level 1 in Armour
   424 | D        | Reached skill level 5 in Dodging
   424 | D        | Reached skill level 5 in Unarmed Combat
   424 | D        | Reached skill level 5 in Transmutations
   424 | D        | Reached skill level 1 in Poison Magic
   424 | D        | Reached XP level 4. HP: 7/38 MP: 6/9
   424 | D        | Reached XP level 5. HP: 8/43 MP: 6/10
   433 | D        | Learned a level 4 spell: Ice Form
   672 | D        | Noticed a water moccasin
   673 | D        | Noticed a flying skull
   680 | D        | Reached **** piety under Wu Jian
   687 | D        | Killed a water moccasin
   687 | D        | Reached skill level 5 in Fighting
   687 | D        | Reached skill level 5 in Stealth
   687 | D        | Reached skill level 1 in Ice Magic
   687 | D        | Reached XP level 6. HP: 44/51 MP: 8/12
   699 | D        | Noticed a water moccasin
   711 | D        | Killed a flying skull
   711 | D        | Reached ***** piety under Wu Jian
   711 | D        | Reached skill level 5 in Spellcasting
   711 | D        | Reached XP level 7. HP: 38/58 MP: 7/14
   943 | D        | Learned a level 5 spell: Blade Hands
   946 | D        | Learned a level 2 spell: Sticks to Snakes
   985 | D        | Gained mutation: You possess an exceptional clarity of mind. [mutagenic meat]
   986 | D        | Gained mutation: You passively map a small area around you. [mutagenic meat]
   987 | D        | Gained mutation: Your flesh is heat resistant. (rF+) [mutagenic meat]
   988 | D        | Gained mutation: You have sharp fingernails. [mutagenic meat]
   989 | D        | Gained mutation: You are weak. (Str -2) [mutagenic meat]
  1045 | D        | Noticed a soldier ant
  1046 | D        | Killed a soldier ant
  1052 | D        | Reached ****** piety under Wu Jian
  1058 | D        | Reached XP level 8. HP: 40/67 MP: 11/17
  1188 | D        | Noticed a wraith
  1197 | D        | Killed a wraith
  1234 | D        | Lost mutation: You possess an exceptional clarity of mind. [potion of mutation]
  1234 | D        | Lost mutation: You are weak. (Str -2) [potion of mutation]
  1234 | D        | Lost mutation: You passively map a small area around you. [potion of mutation]
  1234 | D        | Lost mutation: Your flesh is heat resistant. (rF+) [potion of mutation]
  1234 | D        | Lost mutation: You have sharp fingernails. [potion of mutation]
  1234 | D        | Gained mutation: You are weak. (Str -2) [potion of mutation]
  1234 | D        | Gained mutation: You have a pair of small horns on your head. [potion of mutation]
  1234 | D        | Gained mutation: Your system is resistant to poisons. (rPois) [potion of mutation]
  1234 | D        | Gained mutation: Your flesh is cold resistant. (rC+) [potion of mutation]
  1478 | D        | Noticed a wraith
  1479 | D        | Noticed an orange demon
  1480 | D        | Noticed Josephine
  1480 | D        | Noticed a wraith
  1480 | D        | Noticed a wraith
  1480 | D        | Noticed a wraith
  1481 | D        | Killed a wraith
  1482 | D        | Killed a wraith
  1482 | D        | Noticed Edmund
  1484 | D        | Killed Josephine
  1484 | D        | Reached skill level 10 in Dodging
  1484 | D        | Reached skill level 10 in Transmutations
  1484 | D        | Reached skill level 5 in Ice Magic
  1484 | D        | Reached skill level 5 in Poison Magic
  1484 | D        | Reached XP level 9. HP: 43/75 MP: 13/20
  1485 | D        | Noticed a two-headed ogre
  1487 | D        | Killed an orange demon
  1487 | D        | Noticed Crazy Yiuf
  1488 | D        | Killed Edmund
  1489 | D        | Killed Crazy Yiuf
  1490 | D        | Reached skill level 10 in Stealth
  1490 | D        | Reached skill level 10 in Unarmed Combat
  1492 | D        | Killed a two-headed ogre
  1492 | D        | Reached XP level 10. HP: 50/84 MP: 14/22
  1667 | D        | Noticed a smoke demon
  1670 | D        | Reached skill level 10 in Fighting
  1671 | D        | Noticed a phantasmal warrior
  1676 | D        | Killed a smoke demon
  1678 | D        | Killed a phantasmal warrior
  1895 | D        | Noticed Erolcha
  1896 | D        | Noticed a smoke demon
  1904 | D        | Killed Erolcha
  1904 | D        | Reached skill level 5 in Armour
  1904 | D        | Reached XP level 11. HP: 73/92 MP: 18/24
  1905 | D        | Noticed a naga warrior
  1905 | D        | Noticed Kirke
  1908 | D        | Noticed a manticore
  1911 | D        | Killed Kirke
  1925 | D        | Noticed a phantasmal warrior
  1928 | D        | Slain by a phantasmal warrior

Vault maps used:
D:        pitsprint

Skill      XL: |  1  2  3  4  5  6  7  8  9 10 11 |
---------------+----------------------------------+-----
Dodging        | 3 4 5 6 7 8 10 11 12 13 | 13.4
Fighting       | 2 3 4 5 6 7 8 9 10 11 | 11.3
Stealth        | 1 2 4 5 6 7 9 10 11 12 | 12.1
Unarmed Combat | 4 5 6 7 8 9 10 11 12 | 12.0
Transmutations | 3 4 5 6 7 8 10 11 12 13 | 13.2
Spellcasting   | 3 4 5 6 7 8 9 |  9.7
Armour         | 1 2 3 4 5 |  5.3
Poison Magic   | 1 2 3 4 5 6 7 |  7.9
Ice Magic      | 1 2 3 5 6 7 |  7.1

Action                   |  1- 3 |  4- 6 |  7- 9 | 10-12 || total
-------------------------+-------+-------+-------+-------++-------
Melee: Unarmed           |    68 |    21 |    57 |    66 ||   212
       Headbutt          |     7 |       |     2 |     8 ||    17
       Punch             |     1 |       |       |     4 ||     5
 Cast: Beastly Appendage |     7 |       |       |       ||     7
       Spider Form       |     1 |     1 |       |       ||     2
       Ice Form          |       |     1 |     1 |       ||     2
       Blade Hands       |       |       |     3 |     3 ||     6
Invok: Serpent's Lash    |       |       |     2 |     2 ||     4
       Heavenly Storm    |       |       |     2 |     2 ||     4
  Use: Potion            |     3 |       |     1 |     2 ||     6
 Stab: Sleeping          |     2 |       |     5 |       ||     7
  Eat: Chunk             |       |       |     9 |     3 ||    12
Armor: Robe              |     5 |       |       |     7 ||    12
       Skin              |     1 |     2 |     3 |       ||     6
Dodge: Dodged            |    55 |    12 |    18 |    59 ||   144
